 Dungeon Crawl Stone Soup version 0.31-a0-662-g684573625c (webtiles) character file.

Game seed: 12928067375285915732

31 Joey1 the Trooper (level 3, -4/33 HPs)
             Began as a Meteoran Fighter on Aug 30, 2023.
             Killed by divine providence
             ... invoked by an orc priest
              (8 damage)
             ... on level 4 of the Dungeon on Aug 31, 2023.
             The game lasted 00:03:41 (630 turns).

Joey1 the Trooper (Meteoran Fighter)                 Turns: 630, Time: 00:03:41

Health: -4/33      AC:  6    Str: 19    XL:     3   Next: 61%
Magic:  4/4        EV:  9    Int: 10    God:
Gold:   50         SH:  5    Dex: 13    Spells: 2/2 levels left

rFire   . . .        a - +0 war axe
rCold   . . .        c - +0 buckler
rNeg    . . .        b - +0 scale mail
rPois   .            (no helmet)
rElec   .            (no cloak)
rCorr   .            (no gloves)
SInv    .            (no boots)
Will    .....        (no amulet) Stlth
                     (no ring)
HPRegen 0.25/turn    (no ring)
MPRegen 0.09/turn

%: no passive effects
@: glowing
A: sense surroundings 1, otherworldly, glowing, explore regen
a: no special abilities


You were on level 4 of the Dungeon.
You visited 1 branch of the dungeon, and saw 4 of its levels.

You collected 50 gold pieces.

Inventory:

Hand Weapons
 a - a +0 war axe (weapon)
Armour
 b - a +0 scale mail (worn)
 c - a +0 buckler (worn)
Scrolls
 e - 6 scrolls of teleportation {unknown}
 f - a scroll of identify {unknown}
 g - a scroll of poison {unknown}
 h - a scroll of noise {unknown}
 i - a scroll of fear {unknown}
 j - a scroll of summoning {unknown}
Potions
 d - a potion of might
 k - a potion of curing {unknown}


   Skills:
 + Level 3.7 Fighting
 + Level 3.0 Axes
 + Level 3.6 Armour
 + Level 3.6 Shields


You had 2 spell levels left.
You didn't know any spells.
Your spell library was empty.

Dungeon Overview and Level Annotations

Branches:
Dungeon (4/15) Zot: 1743
 Temple: D:4-7

Altars:


Innate Abilities, Weirdness & Mutations

You passively map a small area around you.
You are easily found by Zot.
You glow in the dark.
You regain HP and MP as you explore.


Message History

Done exploring.
You enter the shallow water.
Moving in this stuff is going to be slow.
You see here a +0 quarterstaff.
Things that are here:
a +0 short sword; a +0 ring mail; an orc skeleton
There is a stone staircase leading down here.
You climb downwards.
You hear the sound of rushing water.
There is an entrance to a sewer on this level.
Hurry and find it before the portal rusts away!
The orc shouts! x3; The orc priest shouts!
There is a stone staircase leading up here.
The orc hits you but does no damage.
The orc priest calls down the wrath of Beogh upon you.
Beogh smites you!
You closely miss the orc. The orc hits you but does no damage.
The orc priest begins to cast a cantrip, but forgets the words!
You closely miss the orc.
The orc priest looks encouraged for a moment.
You hit the orc.
The orc is heavily wounded.
An orc comes into view. It is wielding a +0 club.
The orc hits you with a +0 club.
You hit the orc but do no damage.
The orc is heavily wounded.
The orc hits you with a +0 club.
You closely miss the orc.
The orc is moderately wounded.
You block the orc's attack.
The orc priest mumbles some strange prayers to Beogh against you.
Beogh smites you!
* * * LOW HITPOINT WARNING * * *
You block the orc's attack.
You slash the orc!
You kill the orc!
You slash the orc!
You kill the orc!
The orc priest mumbles some strange prayers to Beogh against you.
Beogh smites you!
You die...

, * * * , , , *
* ** ,* *, * *
* * ##### * **
#.....#######.#
,,, *
#..<..@ooo# *
#....######
#....# *
......##
#.###### .. *#*


You could see an orc priest and 2 orcs.

Vanquished Creatures
  An adder (D:3)
  A worm (D:2)
  3 orcs
  A ball python (D:2)
  2 bats
  2 hobgoblins
  2 jackals (D:2)
  A quokka (D:3)
  A rat (D:3)
  A spectral hobgoblin (D:3)
15 creatures vanquished.

Notes
Turn   | Place    | Note
-------+----------+-------------------------------------------
     0 | D:1      | Joey1 the Meteoran Fighter began the quest for the Orb.
     0 | D:1      | Reached XP level 1. HP: 19/19 MP: 2/2
    37 | D:2      | Upgraded the game from 0.31-a0-656-gb4d89c20fa to
                  | 0.31-a0-662-g684573625c
    82 | D:2      | Reached XP level 2. HP: 26/26 MP: 3/3
   247 | D:3      | Reached XP level 3. HP: 16/33 MP: 4/4
   262 | D:3      | Found a faded altar of an unknown god.
   630 | D:4      | Killed from afar by an orc priest

Illustrated notes

Levels and vault maps discovered:
D:1:      reono_arrival_forest_river, layout_basic, minmay_pentomino_t2
D:2:      layout_loops_ring
D:3:      layout_rooms, dreamdust_ecumenical_altar_drowned_temple
D:4:      layout_loops_cross, portal_sewer_entry_d, gammafunk_ghost_mausoleum,
          uniq_grinder, uniq_natasha, uniq_eustachio, uniq_duvessa

Skill      XL: |  1  2  3 |
---------------+----------+-----
Axes           | 3 |  3.0
Fighting       | |  3.7
Armour         | |  3.6
Shields        | |  3.6

Action                     || total
---------------------------++-------
  Melee: War axe           ||    45
 Armour: Scale mail        ||    30
  Dodge: Dodged            ||    28
  Block: Buckler           ||    12

Table legend: (Time is in decaauts)
 A = Elapsed time spent in this place.
 B = Non-inter-level travel time spent in this place.
 C = Inter-level travel time spent in this place.
 D = Time resting spent in this place.
 E = Time spent auto-exploring this place.
 F = Levels seen in this place.
 G = Mean time per level.
                   A        B        C        D        E       F      G
               +--------+--------+--------+--------+--------+-----+--------+
         Total |    655 |    587 |     68 |      0 |    378 |   4 |  163.8 |
       Dungeon |    655 |    587 |     68 |      0 |    378 |   4 |  163.8 |
               +--------+--------+--------+--------+--------+-----+--------+

Top non-repeatable levels by time:
     D:3: 470 daAuts
     D:2: 158 daAuts
     D:1: 14 daAuts
     D:4: 12 daAuts
